 Dungeon Sprint DCSS version 0.21.1-1-g345015f (webtiles) character file.

606962 Cadaver the End of an Era (level 22, 290/290 HPs)
             Began as an Ogre Hunter on May 5, 2018.
             Was the Champion of Qazlal.
             Escaped with the Orb!
             The game lasted 01:05:18 (3367 turns).

Cadaver the End of an Era (Ogre Hunter)             Turns: 3367, Time: 01:05:18

Health: 290/290    AC: 41    Str: 31    XL:     22   Next: 88%
Magic:  48/48      EV: 15    Int: 18    God:    Qazlal [******]
Gold:   0          SH:  8    Dex: 10    Spells: 29/65 levels left

rFire    + + .     SeeInvis .   n - +9 giant club (vamp)
rCold    + . .     Gourm    .   (shield currently unavailable)
rNeg     + . .     Faith    .   l - +12 gold dragon scales
rPois    +         Spirit   .   p - +2 hat {MR+}
rElec    .         Reflect  .   (no cloak)
rCorr    .         Harm     .   (gloves unavailable)
MR       +++..     NoTele   +   (boots unavailable)
Stlth    ..........             T - amulet of Vitality {Regen+ HP+15}
HPRegen  0.98/turn              J - +6 ring of strength
MPRegen  0.31/turn              b - ring of Hur Vesch {rF+ rN+ Str+3}

@: repel missiles
A: large, unfitting armour, tough skin 1
0: Orb of Zot
a: Upheaval, Elemental Force, Disaster Area, Renounce Religion


You escaped.
You worshipped Qazlal.
Qazlal was exalted by your worship.
You were not hungry.

You visited 1 branch

Inventory:

Hand Weapons
 a - a +5 flail of holy wrath
 n - a +9 vampiric giant club (weapon)
 o - a +6 giant spiked club of freezing
Missiles
 c - 16 large rocks (quivered)
 d - 3 throwing nets
Armour
 l - +12 gold dragon scales (worn)
 p - a +2 hat of magic resistance (worn)
 F - +10 pearl dragon scales
 G - the +3 warlock's mirror {reflect}
   (You found it in the Dungeon)
Magical Staves
 K - an uncursed staff of earth
Jewellery
 b - the ring of Hur Vesch (right hand) {rF+ rN+ Str+3}
   (You found it in the Dungeon)

   [ring of strength]

   It affects your strength (+3).
   It protects you from fire.
   It protects you from negative energy.
 j - the ring of the Suburbs {rPois rC+ MR+ Dex+5}
   (You found it in the Dungeon)

   [ring of protection from magic]

   It affects your dexterity (+5).
   It protects you from cold.
   It protects you from poison.
   It affects your resistance to hostile enchantments.
 A - a +4 ring of intelligence
 I - a +6 ring of intelligence
 J - a +6 ring of strength (left hand)
 L - an uncursed ring of flight
 N - the amulet "Vopsoom" {Faith rElec Str+2 Slay+2}
   (You found it in the Dungeon)

   [amulet of faith]

   It allows you to gain divine favour quickly.
   It affects your strength (+2).
   It affects your accuracy and damage with ranged weapons and melee attacks
   (+2).
   It insulates you from electricity.
 O - an uncursed ring of see invisible
 P - the ring "Emujiwk" {Ice +Blink rElec MR+}
   (You found it in the Dungeon)

   [ring of ice]

   It enhances your ice magic.
   It makes you vulnerable to fire.
   It protects you from cold.
   It insulates you from electricity.
   It affects your resistance to hostile enchantments.
   It lets you blink.
 R - an uncursed ring of positive energy
 T - the amulet of Vitality (around neck) {Regen+ HP+15}
   (You found it in the Dungeon)

   [amulet of regeneration]

   It affects your health (+15).
   It increases your rate of regeneration.
 U - an uncursed ring of resist corrosion
 V - an uncursed ring of protection from fire
 W - an uncursed ring of protection from fire
 X - the amulet of Honesty {Faith Int+5}
   (You took it off a naga mage in the Dungeon)

   [amulet of faith]

   It allows you to gain divine favour quickly.
   It affects your intelligence (+5).
 Z - the ring "Nuot Xai" {Wiz rElec Str+4 Slay+2 Stlth+}
   (You found it in the Dungeon)

   [ring of wizardry]

   It improves your spell success rate.
   It affects your strength (+4).
   It affects your accuracy and damage with ranged weapons and melee attacks
   (+2).
   It insulates you from electricity.
   It makes you more stealthy.
Wands
 y - a wand of disintegration (3)
 D - a wand of iceblast (7)
 E - a wand of acid (7)
Scrolls
 k - 4 scrolls of blinking
 q - 4 scrolls of amnesia
 r - 8 scrolls of fog
 s - a scroll of holy word
 t - 5 scrolls of identify
 u - 5 scrolls of remove curse
 v - 2 scrolls of fear
Potions
 e - 8 potions of curing
 g - 19 potions of heal wounds
 h - 5 potions of haste
 i - 2 potions of magic
 w - 2 potions of brilliance
 x - a potion of invisibility
 z - 4 potions of resistance
 B - 7 potions of agility
 C - 8 potions of might
Miscellaneous
 m - 7 phantom mirrors
 H - a phial of floods
 M - a lightning rod (4/4)
 Q - a fan of gales
 S - a lamp of fire
 Y - a box of beasts
Comestibles
 f - 7 rations


   Skills:
 O Level 27 Fighting
 O Level 27 Maces & Flails
 + Level 24.6 Throwing
 O Level 27 Armour
 * Level 25.0 Dodging
 - Level 0.6 Stealth
 + Level 13.8 Unarmed Combat
 + Level 22.1 Spellcasting
 * Level 4.3 Conjurations
 * Level 14.7 Hexes
 + Level 15.8 Charms
 + Level 15.2 Translocations
 * Level 14.6 Fire Magic
 * Level 16.5 Air Magic
 + Level 9.0 Earth Magic
 O Level 27 Invocations
 * Level 21.8 Evocations


You had 29 spell levels left.
You knew the following spells:

 Your Spells              Type           Power        Failure   Level  Hunger
a - Lesser Beckoning      Tloc           ######....   1%          3    None
b - Apportation           Tloc           ######       1%          1    None
c - Invisibility          Hex            ######..     4%          6    ####...
d - Blink                 Tloc           N/A          1%          2    None
e - Conjure Ball Lightni  Conj/Air       ######....   24%         6    ####...
f - Ignition              Fire           ######....   87%         8    #######
g - Bolt of Magma         Conj/Fire/Erth ######....   7%          5    #......
h - Regeneration          Chrm/Necr      #####.....   1%          3    None
i - Shroud of Golubria    Chrm/Tloc      ######....   1%          2    None


Dungeon Overview and Level Annotations

Branches:
Dungeon (1/1)

Altars:
Ashenzari
Cheibriados
Dithmenos
Elyvilon
Fedhas
Gozag
Hepliaklqana
Kikubaaqudgha
Makhleb
Nemelex Xobeh
Okawaru
Qazlal
Ru
Sif Muna
Trog
Uskayaw
Vehumet
Wu Jian
Xom
Yredelemnul
Zin
The Shining One
Beogh
Jiyva
Lugonu


Innate Abilities, Weirdness & Mutations

You are too large for most types of armour.
You have tough skin. (AC +1)


Message History

Y - a box of beasts You see here a +0 trident of protection.
You see here a +2 robe of cold resistance.
You see here an uncursed staff of death.
Your pack is full.
You see here the ring "Heampir" {rN++ MR+ SInv}.
You see here an uncursed staff of wizardry.
You see here a +2 great mace of holy wrath.
There is a transporter here.
An exit appears before you!
You enter the transporter and appear at another place.
Found the Orb of Zot.
Found a staircase leading out of the dungeon.
Unknown command.
You see here the Orb of Zot.
You pick up the Orb of Zot!
The Orb lets out a hideous shriek!
The lords of Pandemonium are not amused.
Beware!
Now all you have to do is get back out of the dungeon!
There is a staircase leading out of the dungeon here.
You have escaped!

.).)........▓..........†..▓...8©8
..).)[......▓..▓.......▓..▓..).|[
)...........▓.............▓..))).
)..).†......▓.............▓....))
..)..)†.....▓......©......▓....).
...[..).....▓▓▓▓▓▓▓▓▓▓▓▓▓▓▓......
▓[)..[).▓...▓8888888888888▓......
.▓..).†▓.▓..▓8..§........8▓..▓...
▓)......▓...▓8.§@.....©..8▓.▓....
............▓8.§.§.......8▓....©.
....©.......▓8888888888888▓▓▓▓▓▓▓
▓▓▓▓▓▓▓▓▓▓▓▓▓▓▓▓▓▓▓▓▓▓▓▓▓▓▓▓▓▓▓▓▓
.....8©8........▓........8©8.....
|.}.)[.:=||:[)[.▓.")))=:)}}.)[[:|
).)[)})))))))[:.▓.)[).==|)|::?=[|
|[}[|.).}[..|[=.▓.|).).:.=))).)}[
.............:..▓.......:}:=[....


There were no monsters in sight!

Vanquished Creatures
  A juggernaut (shapeshifter) (D)
  A greater mummy (D)
  3 shard shrikes (shapeshifter) (D)
  3 golden dragons (shapeshifter) (D)
  45 pandemonium lords (D)
  A Hell Sentinel (D)
  7 deep elf master archers (D)
  2 quicksilver dragons (shapeshifter) (D)
  7 deep elf blademasters (D)
  3 titans (shapeshifter) (D)
  An acid blob (shapeshifter) (D)
  An Executioner (D)
  A thorn hunter (D)
  2 shadow dragons (shapeshifter) (D)
  A nagaraja (D)
  2 storm dragons (D)
  A ghost moth (shapeshifter) (D)
  8 deep elf sorcerers (D)
  A fire giant (D)
  2 emperor scorpions (D)
  6 ghost moths (D)
  A balrug (D)
  A deep elf elementalist (D)
  3 blood saints (D)
  5 reapers (D)
  A corrupter (D)
  An entropy weaver (D)
  2 lorocyprocas (D)
  A black sun (D)
  3 deep elf annihilators (D)
  2 mummy priests (D)
  3 green deaths (D)
  6 merfolk javelineers (D)
  A fire dragon (shapeshifter) (D)
  4 merfolk impalers (D)
  3 blizzard demons (D)
  A minotaur (shapeshifter) (D)
  A fire dragon (D)
  10 deep elf high priests (D)
  A naga warrior (D)
  A rakshasa (D)
  6 two-headed ogres (D)
  An ice dragon (D)
  An anaconda (D)
  An anaconda (shapeshifter) (D)
  2 spriggan air magi (D)
  An alligator snapping turtle (D)
  A merfolk avatar (D)
  4 merfolk aquamancers (D)
  A two-headed ogre (shapeshifter) (D)
  A satyr (D)
  4 spriggan berserkers (D)
  2 dancing weapons (D)
  An orc high priest (D)
  A queen ant (shapeshifter) (D)
  2 thrashing horrors (D)
  A shock serpent (shapeshifter) (D)
  6 deep elf knights (D)
  A hell hog (D)
  An iron troll (shapeshifter) (D)
  A wretched star (D)
  A sea snake (shapeshifter) (D)
  A fire crab (shapeshifter) (D)
  4 sea snakes (D)
  3 sixfirhies (D)
  5 skeletal warriors (D)
  2 torturous demonspawn (D)
  A deep troll (shapeshifter) (D)
  2 swamp dragons (shapeshifter) (D)
  A shambling mangrove (D)
  4 starcursed masses (D)
  A lindwurm (shapeshifter) (D)
  A harpy (shapeshifter) (D)
  3 deep elf archers (D)
  6 deep elf magi (D)
  An orb spider (shapeshifter) (D)
  4 orb spiders (D)
  A worldbinder (D)
  4 wolf spiders (D)
  3 cyclopes (shapeshifter) (D)
  2 manticores (shapeshifter) (D)
  A shining eye (D)
  2 moths of wrath (shapeshifter) (D)
  4 manticores (D)
  6 moths of wrath (D)
  3 merfolk sirens (D)
  3 black mambas (D)
  2 eyes of devastation (shapeshifter) (D)
  7 cyclopes (D)
  4 naga magi (D)
  A rust devil (D)
  A guardian serpent (shapeshifter) (D)
  An eye of devastation (D)
  2 water nymphs (D)
  A black mamba (shapeshifter) (D)
  4 guardian serpents (D)
  A water nymph (shapeshifter) (D)
  A smoke demon (D)
  A hellion (D)
  A torpor snail (D)
  2 dryads (D)
  4 tormentors (D)
  6 demonic crawlers (D)
  4 ice devils (D)
  4 freezing wraiths (D)
  A yaktaur (shapeshifter) (D)
  2 efreet (D)
  2 ancient zymes (D)
  A troll (shapeshifter) (D)
  2 guardian mummies (D)
  4 hellwings (D)
  11 hornets (D)
  2 wind drakes (D)
  4 merfolk (D)
  6 jumping spiders (D)
  2 polar bears (shapeshifter) (D)
  2 raiju (D)
  A hornet (shapeshifter) (D)
  3 trolls (D)
  A blink frog (shapeshifter) (D)
  A snapping turtle (D)
  2 slime creatures (D)
  2 dream sheep (shapeshifter) (D)
  A flying skull (D)
  A tarantella (shapeshifter) (D)
  2 shadows (D)
  6 air elementals (D)
  7 large abominations (D)
  3 wraiths (D)
  6 redbacks (D)
  A redback (shapeshifter) (D)
  3 spriggans (D)
  5 tarantellas (D)
  A ynoxinul (D)
  8 water elementals (D)
  7 fire elementals (D)
  A golden eye (shapeshifter) (D)
  A yak (D)
  2 golden eyes (D)
  A human (shapeshifter) (D)
  3 basilisks (shapeshifter) (D)
  A chaos spawn (D)
  A neqoxec (D)
  An insubstantial wisp (D)
  2 nagas (D)
  3 hell hounds (D)
  A floating eye (shapeshifter) (D)
  A floating eye (D)
  4 small abominations (D)
  A water moccasin (D)
  2 orc warriors (D)
  A porcupine (D)
  4 ice beasts (D)
  3 black bears (D)
  3 ogres (D)
  2 eyes of draining (shapeshifter) (D)
  3 eyes of draining (D)
  3 wolves (D)
  A centaur (D)
  A crocodile (shapeshifter) (D)
  A bullfrog (D)
  A big kobold (shapeshifter) (D)
  2 wights (D)
  2 crimson imps (D)
  A quasit (D)
  4 jellies (D)
  2 orc priests (D)
  4 iron imps (D)
  An orc wizard (D)
  3 mummies (D)
  4 adders (D)
  A river rat (D)
  3 shadow imps (D)
  4 white imps (D)
  An ufetubus (D)
  2 oozes (D)
  An adder zombie (D)
  3 orcs (D)
  3 bat skeletons (D)
  2 bat zombies (D)
  A jackal (D)
  8 ball pythons (D)
  A ball python skeleton (D)
  A bat simulacrum (D)
  A giant cockroach zombie (D)
  2 leopard gecko skeletons (D)
  A leopard gecko zombie (D)
  2 quokka skeletons (D)
  A quokka zombie (D)
  A butterfly (D)
  2 fire vortices (D)
517 creatures vanquished.

Vanquished Creatures (collateral kills)
  2 pandemonium lords (D)
  An ettin (shapeshifter) (D)
  A glowing orange brain (shapeshifter) (D)
  An air elemental (D)
  A spriggan (shapeshifter) (D)
6 creatures vanquished.

Vanquished Creatures (others)
  A spatial maelstrom (D)
  2 wind drakes (D)
  A water elemental (D)
  An insubstantial wisp (D)
5 creatures vanquished.

Grand Total: 528 creatures vanquished

Notes
Turn   | Place    | Note
-------+----------+-------------------------------------------
     0 | D        | Found the +6 Majin-Bo {vamp, Archmagi MP+6 Int+6}
     0 | D        | Found the +7 great mace "Firestarter" {inner flame, rF++}
     0 | D        | Cadaver the Ogre Hunter began the quest for the Orb.
     0 | D        | Reached XP level 1. HP: 22/22 MP: 1/1
     1 | D        | Banished a spatial maelstrom
     3 | D        | Found a blossoming altar of Fedhas.
     4 | D        | Found a viscous altar of Jiyva.
     4 | D        | Found a hazy altar of Hepliaklqana.
     4 | D        | Found a transporter.
     4 | D        | Found an opulent altar of Gozag.
     4 | D        | Found an ancient bone altar of Kikubaaqudgha.
     4 | D        | Found a corrupted altar of Lugonu.
    10 | D        | Found a burning altar of Makhleb.
    11 | D        | Found a sacrificial altar of Ru.
    11 | D        | Found a stormy altar of Qazlal.
    11 | D        | Found a deep blue altar of Sif Muna.
    11 | D        | Found an iron altar of Okawaru.
    11 | D        | Found a bloodstained altar of Trog.
    11 | D        | Found a sparkling altar of Nemelex Xobeh.
    31 | D        | Became a worshipper of Qazlal Stormbringer
    55 | D        | Reached skill level 5 in Fighting
    55 | D        | Reached skill level 1 in Evocations
    55 | D        | Reached XP level 2. HP: 35/35 MP: 1/4
    90 | D        | Entered arena 2.
    90 | D        | Noticed a wolf
    90 | D        | Noticed a porcupine
    90 | D        | Found a transporter.
    92 | D        | Killed a porcupine
    92 | D        | Reached skill level 5 in Invocations
    92 | D        | Reached XP level 3. HP: 46/46 MP: 4/6
    92 | D        | Reached XP level 4. HP: 55/55 MP: 4/7
    94 | D        | Killed a wolf
    94 | D        | Reached skill level 5 in Maces & Flails
    94 | D        | Reached XP level 5. HP: 63/63 MP: 4/9
   100 | D        | Got the ring of Hur Vesch {rF+ rN+ Str+3}
   128 | D        | Entered arena 3.
   128 | D        | Noticed a hell hound
   128 | D        | Noticed a hell hound
   128 | D        | Found a transporter.
   130 | D        | Killed a hell hound
   130 | D        | Reached * piety under Qazlal
   130 | D        | Reached skill level 5 in Armour
   130 | D        | Reached XP level 6. HP: 74/74 MP: 8/11
   134 | D        | Killed a hell hound
   256 | D        | Entered arena 4.
   256 | D        | Noticed a water moccasin
   256 | D        | Found a transporter.
   258 | D        | Reached ** piety under Qazlal
   258 | D        | Killed a water moccasin
   258 | D        | Reached XP level 7. HP: 84/84 MP: 11/13
   275 | D        | Entered arena 5.
   275 | D        | Noticed a yak
   275 | D        | Found a transporter.
   279 | D        | Reached *** piety under Qazlal
   279 | D        | Reached skill level 10 in Fighting
   288 | D        | Killed a yak
   320 | D        | Entered arena 6.
   320 | D        | Found a transporter.
   335 | D        | Reached **** piety under Qazlal
   356 | D        | Got the ring "Emujiwk" {Ice +Blink rElec MR+}
   372 | D        | Entered arena 7.
   372 | D        | Noticed a slime creature
   372 | D        | Noticed an eye of devastation
   374 | D        | Killed an eye of devastation
   374 | D        | Reached ***** piety under Qazlal
   374 | D        | Reached XP level 8. HP: 96/96 MP: 6/15
   386 | D        | Killed a slime creature
   386 | D        | Reached skill level 10 in Invocations
   391 | D        | Found a transporter.
   470 | D        | Entered arena 8.
   471 | D        | Found the amulet of Vitality {Regen+ HP+15}
   477 | D        | Found a transporter.
   505 | D        | Entered arena 9.
   505 | D        | Noticed a spriggan
   505 | D        | Noticed a spriggan
   512 | D        | Reached skill level 10 in Maces & Flails
   518 | D        | Killed a spriggan
   518 | D        | Reached XP level 9. HP: 105/105 MP: 15/17
   523 | D        | Found a transporter.
   529 | D        | Reached ****** piety under Qazlal
   555 | D        | Got the ring of the Suburbs {rPois rC+ MR+ Dex+5}
   562 | D        | Entered arena 10.
   569 | D        | Found a transporter.
   619 | D        | Entered arena 11.
   619 | D        | Noticed a shining eye
   621 | D        | Found a transporter.
   622 | D        | Paralysed by a floating eye for 3 turns
   642 | D        | Killed a shining eye
   648 | D        | Reached XP level 10. HP: 119/119 MP: 1/19
   759 | D        | Entered arena 12.
   759 | D        | Noticed a fire giant
   760 | D        | Noticed a fire dragon
   760 | D        | Noticed a hell hog
   761 | D        | Killed a hell hog
   761 | D        | Killed a fire dragon
   764 | D        | Killed a fire giant
   764 | D        | Reached XP level 11. HP: 127/131 MP: 6/21
   776 | D        | Found a transporter.
   784 | D        | Got the ring "Nuot Xai" {Wiz rElec Str+4 Slay+2 Stlth+}
   853 | D        | Entered arena 13.
   853 | D        | Noticed a satyr
   853 | D        | Noticed a thorn hunter
   853 | D        | Noticed a spriggan berserker
   853 | D        | Noticed a spriggan rider
   853 | D        | Noticed a spriggan berserker
   854 | D        | Noticed a shambling mangrove
   854 | D        | Killed a satyr
   854 | D        | Reached skill level 10 in Armour
   854 | D        | Killed a spriggan berserker
   855 | D        | Noticed a death yak
   855 | D        | Noticed a spriggan berserker
   855 | D        | Killed a thorn hunter
   855 | D        | Reached skill level 15 in Fighting
   855 | D        | Reached skill level 15 in Invocations
   855 | D        | Killed a spriggan berserker
   855 | D        | Killed a spriggan berserker
   856 | D        | Killed a spriggan berserker
   856 | D        | Killed a shambling mangrove
   856 | D        | Killed a spriggan rider
   856 | D        | Reached skill level 15 in Maces & Flails
   856 | D        | Reached XP level 12. HP: 144/144 MP: 7/24
   966 | D        | Found a transporter.
   986 | D        | Learned a level 3 spell: Lesser Beckoning
   988 | D        | Learned a level 1 spell: Apportation
  1000 | D        | Entered arena 14.
  1001 | D        | Noticed a storm dragon
  1001 | D        | Noticed a spriggan air mage
  1004 | D        | Noticed a spriggan air mage
  1004 | D        | Killed a storm dragon
  1004 | D        | Killed a spriggan air mage
  1005 | D        | Noticed a storm dragon
  1006 | D        | Killed a spriggan air mage
  1015 | D        | Found a transporter.
  1019 | D        | Killed a storm dragon
  1077 | D        | Learned a level 6 spell: Invisibility
  1086 | D        | Identified the Guide on the Compass and Earth (You found it in the Dungeon)
  1150 | D        | Entered arena 15.
  1152 | D        | Noticed a greater mummy
  1153 | D        | Noticed a mummy priest
  1155 | D        | Noticed a mummy priest
  1157 | D        | Killed a mummy priest
  1173 | D        | Noticed an emperor scorpion
  1177 | D        | Noticed an emperor scorpion
  1177 | D        | Noticed an emperor scorpion
  1177 | D        | Noticed an emperor scorpion
  1178 | D        | Noticed an emperor scorpion
  1178 | D        | Noticed a jiangshi
  1178 | D        | Killed a greater mummy
  1178 | D        | Reached XP level 13. HP: 95/154 MP: 11/26
  1178 | D        | Killed a mummy priest
  1293 | D        | Found the +3 warlock's mirror {reflect}
  1294 | D        | Found a transporter.
  1319 | D        | Entered arena 16.
  1320 | D        | Noticed an ice dragon
  1325 | D        | Killed an ice dragon
  1342 | D        | Found a transporter.
  1375 | D        | Entered arena 17.
  1411 | D        | Got the amulet "Daas Luq" {RegenMP *Slow +Blink Int+4}
  1450 | D        | Found a transporter.
  1464 | D        | Entered arena 18.
  1507 | D        | Found a transporter.
  1549 | D        | Entered arena 19.
  1556 | D        | Noticed a nagaraja
  1557 | D        | Reached XP level 14. HP: 167/167 MP: 18/29
  1557 | D        | Killed a nagaraja
  1583 | D        | Found a transporter.
  1584 | D        | Got the amulet of Honesty {Faith Int+5}
  1648 | D        | Entered arena 20.
  1665 | D        | Noticed a reaper
  1666 | D        | Killed a reaper
  1666 | D        | Killed a reaper
  1678 | D        | Noticed a reaper
  1689 | D        | Noticed a reaper
  1689 | D        | Killed a reaper
  1692 | D        | Killed a reaper
  1827 | D        | Found a transporter.
  1857 | D        | Learned a level 2 spell: Blink
  1859 | D        | Identified the Papyrus of the Vitriolic Traveller (You found it in the Dungeon)
  1868 | D        | Entered arena 21.
  1875 | D        | Noticed a reaper
  1875 | D        | Noticed Kyohioba the pandemonium lord
  1876 | D        | Noticed Cioge the pandemonium lord
  1876 | D        | Noticed Kughog the pandemonium lord
  1876 | D        | Killed a reaper
  1876 | D        | Killed Kyohioba the pandemonium lord
  1877 | D        | Noticed Pojaor the pandemonium lord
  1877 | D        | Noticed Omaligrum the pandemonium lord
  1877 | D        | Killed Kughog the pandemonium lord
  1877 | D        | Reached skill level 15 in Armour
  1877 | D        | Reached XP level 15. HP: 180/180 MP: 22/31
  1877 | D        | Killed a balrug
  1877 | D        | Killed Omaligrum the pandemonium lord
  1878 | D        | Noticed Dumenwos the pandemonium lord
  1878 | D        | Killed Cioge the pandemonium lord
  1878 | D        | Reached skill level 27 in Invocations
  1878 | D        | Killed Pojaor the pandemonium lord
  1878 | D        | Killed Dumenwos the pandemonium lord
  1878 | D        | Reached XP level 16. HP: 200/200 MP: 15/33
  1878 | D        | Killed Reecru the pandemonium lord
  1878 | D        | Reached skill level 5 in Evocations
  1882 | D        | Noticed Laapioz the pandemonium lord
  1883 | D        | Killed Fodisy the pandemonium lord
  1883 | D        | Killed Laapioz the pandemonium lord
  1884 | D        | Noticed Hyarphioc the pandemonium lord
  1884 | D        | Noticed Xusipped the pandemonium lord
  1885 | D        | Noticed Ephah the pandemonium lord
  1885 | D        | Noticed Izeq the pandemonium lord
  1886 | D        | Killed Hyarphioc the pandemonium lord
  1886 | D        | Killed Izeq the pandemonium lord
  1886 | D        | Killed Xusipped the pandemonium lord
  1886 | D        | Killed Ephah the pandemonium lord
  1887 | D        | Noticed Kukicu the pandemonium lord
  1888 | D        | Noticed Odec the pandemonium lord
  1889 | D        | Noticed Cuicem the pandemonium lord
  1890 | D        | Noticed a tentacled monstrosity
  1890 | D        | Noticed Dorghol the pandemonium lord
  1890 | D        | Killed Cuicem the pandemonium lord
  1890 | D        | Killed Dorghol the pandemonium lord
  1890 | D        | Reached XP level 17. HP: 218/218 MP: 16/34
  1891 | D        | Killed Odec the pandemonium lord
  1908 | D        | Killed Kukicu the pandemonium lord
  2060 | D        | Found the +8 demon blade "Leech" {vamp, rN+ AC-3 EV-3}
  2062 | D        | Found a transporter.
  2094 | D        | Got the amulet "Coefy" {Inacc Fragile rPois Int+3 Dex+2}
  2099 | D        | Entered arena 22.
  2107 | D        | Noticed a deep elf blademaster
  2108 | D        | Killed a deep elf blademaster
  2108 | D        | Killed a deep elf master archer
  2114 | D        | Noticed a deep elf master archer
  2115 | D        | Killed a deep elf master archer
  2117 | D        | Noticed a deep elf blademaster
  2119 | D        | Noticed a deep elf master archer
  2119 | D        | Killed a deep elf blademaster
  2119 | D        | Reached skill level 27 in Fighting
  2119 | D        | Killed a deep elf master archer
  2238 | D        | Found a transporter.
  2253 | D        | Entered arena 23.
  2263 | D        | Reached skill level 1 in Spellcasting
  2267 | D        | Noticed a Hell Sentinel
  2269 | D        | Killed a Hell Sentinel
  2269 | D        | Reached skill level 5 in Dodging
  2269 | D        | Reached skill level 5 in Spellcasting
  2280 | D        | Reached XP level 18. HP: 222/236 MP: 10/35
  2338 | D        | Found the +8 whip "Snakebite" {curare, rPois}
  2348 | D        | Found a transporter.
  2364 | D        | Identified the Compendium of Displaced Air (You found it in the Dungeon)
  2371 | D        | Learned a level 6 spell: Conjure Ball Lightning
  2373 | D        | Identified the Disquisition on Fiery Companions (You found it in the Dungeon)
  2382 | D        | Learned a level 8 spell: Ignition
  2382 | D        | Identified the Disquisition on Fiery Companions (You found it in the Dungeon)
  2388 | D        | Learned a level 5 spell: Bolt of Magma
  2411 | D        | Entered arena 24.
  2419 | D        | Noticed a deep elf blademaster
  2419 | D        | Noticed a deep elf blademaster
  2420 | D        | Noticed a deep elf master archer
  2420 | D        | Noticed a deep elf blademaster
  2421 | D        | Noticed a deep elf master archer
  2421 | D        | Killed a deep elf blademaster
  2421 | D        | Reached skill level 5 in Throwing
  2421 | D        | Killed a deep elf master archer
  2421 | D        | Reached skill level 10 in Spellcasting
  2421 | D        | Killed a deep elf master archer
  2421 | D        | Killed a deep elf blademaster
  2421 | D        | Killed a deep elf master archer
  2421 | D        | Reached skill level 10 in Dodging
  2421 | D        | Killed a deep elf blademaster
  2421 | D        | Killed a deep elf master archer
  2422 | D        | Noticed a deep elf blademaster
  2423 | D        | Noticed a deep elf blademaster
  2424 | D        | Killed a deep elf blademaster
  2424 | D        | Killed a deep elf blademaster
  2424 | D        | Reached skill level 10 in Throwing
  2471 | D        | Found a transporter.
  2530 | D        | Entered arena 25.
  2537 | D        | Reached skill level 10 in Evocations
  2539 | D        | Reached skill level 15 in Spellcasting
  2546 | D        | Reached XP level 19. HP: 245/245 MP: 13/38
  2703 | D        | Found the +2 robe of Vines {NoPotionHeal Regen+7}
  2705 | D        | Found a transporter.
  2731 | D        | Learned a level 3 spell: Regeneration
  2745 | D        | Identified Fuoxuiv's Further Steps in Spellcraft (You found it in the Dungeon)
  2774 | D        | Entered arena 26.
  2785 | D        | Noticed Lusk the pandemonium lord
  2786 | D        | Noticed Tamo Tia the pandemonium lord
  2786 | D        | Noticed Govala the pandemonium lord
  2787 | D        | Noticed Gickaqa the pandemonium lord
  2787 | D        | Noticed Vofaapet the pandemonium lord
  2788 | D        | Noticed Fohaezur the pandemonium lord
  2788 | D        | Noticed Witaypit the pandemonium lord
  2788 | D        | Noticed Wotusseu the pandemonium lord
  2788 | D        | Noticed Ficym the pandemonium lord
  2789 | D        | Noticed Leeli the pandemonium lord
  2789 | D        | Noticed Muryedd the pandemonium lord
  2789 | D        | Killed Vofaapet the pandemonium lord
  2789 | D        | Reached skill level 15 in Dodging
  2789 | D        | Killed Lusk the pandemonium lord
  2789 | D        | Killed Tamo Tia the pandemonium lord
  2789 | D        | Killed Gickaqa the pandemonium lord
  2789 | D        | Killed Witaypit the pandemonium lord
  2789 | D        | Reached skill level 27 in Maces & Flails
  2789 | D        | Reached skill level 15 in Throwing
  2789 | D        | Killed Fohaezur the pandemonium lord
  2790 | D        | Noticed Okeynive the pandemonium lord
  2791 | D        | Noticed a Hell Sentinel
  2791 | D        | Noticed Igih the pandemonium lord
  2791 | D        | Noticed Urchiaden the pandemonium lord
  2791 | D        | Noticed Geimeric the pandemonium lord
  2791 | D        | Noticed Emamaola the pandemonium lord
  2791 | D        | Reached skill level 1 in Charms
  2791 | D        | Killed Wotusseu the pandemonium lord
  2792 | D        | Noticed Idinik the pandemonium lord
  2792 | D        | Noticed Cuda the pandemonium lord
  2793 | D        | Killed Juvefy the pandemonium lord
  2793 | D        | Reached skill level 5 in Charms
  2793 | D        | Reached skill level 1 in Translocations
  2793 | D        | Reached skill level 15 in Evocations
  2793 | D        | Reached XP level 20. HP: 198/256 MP: 26/44
  2793 | D        | Killed Igih the pandemonium lord
  2793 | D        | Killed Leeli the pandemonium lord
  2793 | D        | Killed Emamaola the pandemonium lord
  2793 | D        | Reached skill level 27 in Armour
  2793 | D        | Killed Idinik the pandemonium lord
  2793 | D        | Killed Govala the pandemonium lord
  2793 | D        | Killed Geimeric the pandemonium lord
  2793 | D        | Reached skill level 10 in Charms
  2794 | D        | Killed Ikuaf the pandemonium lord
  2794 | D        | Reached skill level 10 in Translocations
  2794 | D        | Killed Urchiaden the pandemonium lord
  2796 | D        | Killed Muryedd the pandemonium lord
  2796 | D        | Killed Okeynive the pandemonium lord
  2796 | D        | Reached XP level 21. HP: 207/265 MP: 12/47
  2797 | D        | Noticed Qausk the pandemonium lord
  2798 | D        | Noticed Heotak the pandemonium lord
  2801 | D        | Noticed Itsoh the pandemonium lord
  2806 | D        | Noticed Haperhipuo the pandemonium lord
  2806 | D        | Killed Heotak the pandemonium lord
  2809 | D        | Noticed Xiffop the pandemonium lord
  2810 | D        | Noticed Bebbarchiab the pandemonium lord
  2814 | D        | Killed Haperhipuo the pandemonium lord
  2814 | D        | Killed Qausk the pandemonium lord
  2814 | D        | Killed Xiffop the pandemonium lord
  2814 | D        | Killed Itsoh the pandemonium lord
  2814 | D        | Reached skill level 15 in Charms
  2814 | D        | Killed Bebbarchiab the pandemonium lord
  2814 | D        | Reached skill level 15 in Translocations
  2822 | D        | Noticed Cuetih the pandemonium lord
  2823 | D        | Noticed Bireg the pandemonium lord
  2824 | D        | Killed Bireg the pandemonium lord
  2824 | D        | Reached skill level 5 in Air Magic
  2825 | D        | Killed Cuetih the pandemonium lord
  2825 | D        | Reached skill level 5 in Hexes
  2825 | D        | Reached skill level 5 in Fire Magic
  2837 | D        | Noticed Zuotiro the pandemonium lord
  2837 | D        | Noticed Temilur the pandemonium lord
  2838 | D        | Killed Temilur the pandemonium lord
  2838 | D        | Killed Zuotiro the pandemonium lord
  2839 | D        | Killed Cuda the pandemonium lord
  2839 | D        | Reached skill level 10 in Air Magic
  2840 | D        | Killed Ficym the pandemonium lord
  2920 | D        | Found the +3 Elemental Staff {rElec rF++ rC++ MR++ AC+5}
  2920 | D        | Found a transporter.
  2955 | D        | Learned a level 2 spell: Shroud of Golubria
  2971 | D        | Identified Wuatuph's Disquisition on the Shifting Birds (You found it in the Dungeon)
  2973 | D        | Entered arena 27.
  2983 | D        | Reached skill level 10 in Hexes
  2983 | D        | Reached skill level 10 in Fire Magic
  2986 | D        | Reached skill level 1 in Unarmed Combat
  2986 | D        | Reached XP level 22. HP: 275/275 MP: 38/48
  2986 | D        | Reached skill level 5 in Unarmed Combat
  3008 | D        | Reached skill level 1 in Earth Magic
  3033 | D        | Found the +2 ratskin cloak {+Rats rPois rN+ Str-1 Int-1 Dex+1}
  3037 | D        | Found the cursed -5 robe of Misfortune {-Cast *Contam *Tele *Drain EV-5 Stlth-- *Curse}
  3038 | D        | Found a transporter.
  3107 | D        | Entered arena 28.
  3120 | D        | Noticed a juggernaut
  3124 | D        | Noticed a shard shrike
  3125 | D        | Killed a shard shrike
  3125 | D        | Reached skill level 10 in Unarmed Combat
  3125 | D        | Noticed a shard shrike
  3125 | D        | Noticed a shard shrike
  3127 | D        | Noticed a juggernaut
  3127 | D        | Noticed a golden dragon
  3127 | D        | a shard shrike changed into a golden dragon
  3127 | D        | a juggernaut changed into a titan
  3128 | D        | Killed a golden dragon
  3130 | D        | Noticed a shard shrike
  3130 | D        | Killed a juggernaut
  3130 | D        | Reached skill level 15 in Air Magic
  3130 | D        | Reached skill level 5 in Earth Magic
  3131 | D        | Killed a shard shrike
  3131 | D        | Killed a golden dragon
  3137 | D        | Noticed a juggernaut
  3137 | D        | Noticed a golden dragon
  3139 | D        | Killed a golden dragon
  3141 | D        | a juggernaut changed into a titan
  3142 | D        | Noticed a shard shrike
  3142 | D        | a titan changed into a shard shrike
  3148 | D        | Killed a shard shrike
  3160 | D        | Reached skill level 1 in Conjurations
  3316 | D        | Found the +2 cloak of the Thief {+Fog Slay-2 SInv Stlth+}
  3317 | D        | Found the +3 robe of Folly {Archmagi, MR-- Int+5}
  3318 | D        | Found a transporter.
  3337 | D        | Got the cursed ring "Xakliyr" {rC- MR- Dex-5 Slay+4 SInv}
  3344 | D        | Got the amulet "Vopsoom" {Faith rElec Str+2 Slay+2}
  3362 | D        | Got the Orb of Zot
  3367 | D        | Escaped with the Orb!

Skill      XL: |  1  2  3  4  5  6  7  8  9 10 11 12 13 14 15 16 17 18 19 20 21 22 |
---------------+-------------------------------------------------------------------+-----
Fighting       | 5 7 8 9 10 11 13 14 15 16 17 19 22 24 27 | 27.0
Maces & Flails | 2 4 5 6 9 10 12 13 15 17 19 21 23 25 26 27 | 27.0
Armour         | 2 3 4 5 6 7 8 9 11 12 13 15 18 21 23 25 26 27 | 27.0
Invocations    | 3 5 6 7 8 9 10 12 14 16 19 22 25 27 | 27.0
Evocations     | 1 2 3 4 6 8 11 15 18 20 21 | 21.8
Dodging        | 7 13 17 21 23 25 | 25.0
Spellcasting   | 8 15 20 22 | 22.1
Throwing       | 12 16 19 22 24 | 24.6
Charms         | 5 14 15 | 15.8
Translocations | 1 13 15 | 15.2
Hexes          | 10 14 | 14.7
Fire Magic     | 10 14 | 14.6
Air Magic      | 13 16 | 16.5
Unarmed Combat | 2 13 | 13.8
Earth Magic    | 9 |  9.0
Conjurations   | 4 |  4.3
Stealth        | |  0.6

Action                   |  1- 3 |  4- 6 |  7- 9 | 10-12 | 13-15 | 16-18 | 19-21 | 22-24 || total
-------------------------+-------+-------+-------+-------+-------+-------+-------+-------++-------
Melee: Demon whip        |     1 |     9 |    93 |     1 |       |       |       |       ||   104
       Giant club        |       |       |       |    14 |    36 |       |       |    20 ||    70
Throw: Large rock        |       |       |     1 |     6 |     9 |    10 |     5 |    10 ||    41
 Cast: Shroud of Golubri |       |       |       |       |       |       |     1 |       ||     1
Invok: Upheaval          |       |       |     6 |     4 |     8 |     5 |       |     1 ||    24
       Disaster Area     |       |       |       |     7 |    10 |    20 |    15 |    13 ||    65
       Elemental Force   |       |       |       |     1 |     2 |     1 |     1 |       ||     5
Evoke: Lightning rod     |       |     1 |     1 |       |       |       |       |       ||     2
       Wand              |       |       |       |       |     2 |       |     1 |     1 ||     4
       Phial of floods   |       |       |       |       |       |     1 |       |     1 ||     2
       Fan of gales      |       |       |       |       |       |       |     1 |       ||     1
       Phantom mirror    |       |       |       |       |       |       |       |     2 ||     2
  Use: Potion            |     2 |     1 |     3 |     3 |       |     2 |     4 |     1 ||    16
       Scroll            |       |       |       |     5 |     5 |     6 |     1 |    15 ||    32
  Eat: Chunk             |       |       |       |     1 |       |       |     2 |     1 ||     4
       Ration            |       |       |       |       |     1 |       |       |       ||     1
Armor: Gold dragon scale |     1 |     7 |   108 |    50 |    50 |    13 |     6 |    12 ||   247
Dodge: Dodged            |     1 |     1 |    17 |    10 |    11 |     1 |     3 |    10 ||    54
       Deflected         |       |       |       |       |       |     3 |     1 |     2 ||     6
Block: Other             |       |       |    32 |    21 |    17 |     3 |     3 |     3 ||    79
